woodfighter, chaotic female orcish Cavewoman h.. .@. ... woodfighter the Cave Teen Experience level: 4 Strength: 18/04 Dexterity: 15 Constitution: 14 Intelligence: 10 Wisdom: 8 Charisma: 7 Health: 0(33) Energy: 10(10) Def: 2 Gold: 110 Moves: 1519 Dungeon seed: A-KvGswoGpkiKZiK Game ID: woodfighter_1476563971 Your Inventory: Coins $ - 110 gold pieces Weapons a - a +1 club (weapon in hand) b - a +2 sling (alternate weapon; not wielded) Armor q - a blessed +0 leather armor (being worn) r - an uncursed +0 elven mithril-coat Comestibles c - an uncursed pancake d - 3 uncursed tripe rations z - 2 uncursed sprigs of wolfsbane Scrolls x - an uncursed scroll of identify y - an uncursed scroll of stinking cloud Potions A - an uncursed potion of object detection B - an uncursed potion of healing Tools s - an uncursed sack Gems e - 8 uncursed flints (in quiver) Contents of the sack: 230 gold pieces 2 [uncursed] scrolls of blank paper a [blessed] scroll of enchant armor a [cursed] scroll of fire 2 [uncursed] scrolls of scare monster a [uncursed] spellbook of detect treasure a [blessed] potion of blindness a [uncursed] potion of healing a [uncursed] wand of magic missile [0:4] Spells and supernatural/magical abilities: Name Level Category Fail Memory W - pray for help -- divine ? -- Your skills at the end: Miscellaneous Skills bare handed combat [Basic] Weapon Skills scimitar [Basic] club [Basic] sling [Basic] Spellcasting Skills Final Attributes: You were piously aligned. You were poison resistant. You had infravision. You were stealthy. You were lucky. You are dead. Vanquished creatures: a floating eye 2 coyotes a hobbit a gecko a hobgoblin 2 giant rats a gnome 4 jackals 4 newts a sewer rat 10 grid bugs 6 lichens 34 creatures vanquished. Voluntary challenges: You did not adorn yourself with jewelry or accessories. You did not cause conflict. You were not invisible. You did not have reflection. You were not displaced. You were an atheist. You used a wielded weapon 34 times, starting on turn 39. You did not apply a unicorn horn. You did not use plumbed fixtures. You did not drink any magical draughts. You read items or engraved 1 time, starting on turn 1486. You never genocided any monsters. You never polymorphed an object. You never changed form. You used no wishes. You never split a pudding. You never wrote Elbereth's name. You never violated your personal moral code. Dungeon overview: The Dungeons of Doom: levels 1 to 5 Level 1 (ll) some fountains a long staircase Level 2 (w) a fountain Level 3 a fountain Level 4 (ll) stairs to The Gnomish Mines Level 5 The Gnomish Mines: Level 5 <- You were here stairs to The Dungeons of Doom History has recorded: On T:1 you entered the Dungeons of Doom to retrieve the Amulet of Yendor! On T:89 you reached level 2 of The Dungeons of Doom. On T:373 you reached level 3 of The Dungeons of Doom. On T:503 you advanced to experience level 2. On T:1023 you reached level 4 of The Dungeons of Doom. On T:1036 you advanced to experience level 3. On T:1262 you reached level 1 of The Gnomish Mines. On T:1307 you reached level 5 of The Dungeons of Doom. On T:1422 you advanced to experience level 4. Score breakdown: Gold: 340 ( 34 points) Experience: 4 levels ( 300 points) Exploration: 5 levels ( 120 points) Discoveries: 12 items ( 600 points) Variety of kills: 12 monsters ( 600 points) Major goal: (nothing yet) ( 0 points) Survival: died (score multiplied by 3) Total score: 4962 Latest messages: You are now wielding your club. b - a +2 sling (alternate weapon; not wielded). You stop exploring. You kill the newt! You feel tough! You must be leading a healthy life-style. With great effort you move the boulder. You try to move the boulder, but in vain. (2x) You are beginning to feel hungry. You stop exploring. Nowhere else around here can be automatically explored. This fortune cookie is delicious! You finish eating the fortune cookie. This cookie has a scrap of paper inside. It reads: A lizard corpse is a good thing to turn undead. This lichen corpse tastes terrible! You finish eating the lichen corpse. Nowhere else around here can be automatically explored. Where do you want to travel to? The door opens. The dwarf king zaps a hexagonal wand! The magic missile hits you! (2x) You die... Final status: Goodbye woodfighter the Cavewoman, killed by a magic missile... You died in The Gnomish Mines on dungeon level 5 with 4962 points, and 340 pieces of gold, after 1519 moves. You were level 4 with a maximum of 33 hit points when you died.